[Event "*** Titled Tuesday Blitz"]
[Site "Chess.com"]
[Date "2019.04.02"]
[Round "2"]
[White "Manukyan_Artak"]
[Black "GM_RobertoMogranzini"]
[Result "0-1"]
[WhiteElo "2438"]
[BlackElo "2475"]
[TimeControl "180+2"]
[EndTime "14:23:59 PDT"]
[Termination "GM_RobertoMogranzini won by resignation"]

1. e4 d6 2. d4 Nf6 3. Nc3 e5 4. dxe5 dxe5 5. Qxd8+ Kxd8 6. Nf3 Bd6 7. Bg5 c6 8. O-O-O Ke7 9. Nh4 Bb4 10. Bc4 h6 11. Bxf6+ Kxf6 12. Rd3 Be6 13. Rf3+ Ke7 14.
Bxe6 Kxe6 15. Rd1 Na6 16. a3 Bxc3 17. Rxc3 Rad8 18. Nf5 Rxd1+ 19. Kxd1 g6 20. Ne3 h5 21. Ke2 Rd8 22. b4 Nc7 23. a4 Ke7 24. Nc4 f6 25. Na5 Rb8 26. Rxc6 Ne6 27. Rc4 Nf4+ 28. Kf3 Ne6 29.
c3 Kd7 30. g3 g5 31. Ke3 g4 32. Nb3 b6 33. a5 h4 34. axb6 axb6 35. b5 hxg3 36.
hxg3 Ra8 37. Rc6 Ra3 38. Nc1 Nd4 39. Rxb6 Rxc3+ 40. Kd2 Rc2+ 41. Kd1 Rxf2 42. Nd3 Rf3 43. Nc5+ Kc7 44. Ra6 Nxb5 45. Ne6+ Kb7 46. Nc5+ Kc7 47. Ne6+ Kd7 48. Nc5+ Ke7 49. Rb6 Nd4 50. Rb7+ Kd6 51. Nd7 Kc6 52. Ra7 Nb5 53. Ra5 Kxd7 54. Rxb5 Rxg3 55.
Rb7+ Ke6 56. Rb6+ Kf7 57. Ke2 Rf3 58. Rb7+ Kg6 59. Rb8 Kg5 60. Rf8 Ra3 61. Ra8 Rxa8 0-1

[Event "*** Titled Tuesday Blitz"]
[Site "Chess.com"]
[Date "2019.04.02"]
[Round "2"]
[White "Phurba13"]
[Black "Entilza"]
[Result "1/2-1/2"]
[WhiteElo "2233"]
[BlackElo "2218"]
[TimeControl "180+2"]
[EndTime "14:23:59 PDT"]
[Termination "Game drawn by repetition"]

1. e4 c6 2. d3 d5 3. Nd2 e5 4. g3 Nf6 5. Bg2 Bc5 6. h3 O-O 7.
Ngf3 Re8 8. O-O dxe4 9. dxe4 Nbd7 10. Qe2 Nf8 11. b3 Qc7 12. Bb2 Ng6 13. a4 a5 14.
Rfe1 b6 15. Rad1 Ba6 16. c4 Rad8 17. Nb1 Bb4 18. Nc3 Nd7 19. Qc2 Nc5 20. Re2 Bxc3 21. Bxc3 Rxd1+ 22. Qxd1 Rd8 23. Qc2 Bc8 24. Rd2 f6 25.
Ne1 Be6 26. Nd3 Nxd3 27. Rxd3 Nf8 28. Qd2 Rxd3 29. Qxd3 Nd7 30. Bf1 Nc5 31. Qc2 Qd6 32. Bd2 Qd4 33. Be3 Qd6 34. Kg2 Kf7 35. Be2 Ke7 36. f4 Bd7 37. Bf3 exf4 38. gxf4 Ne6 39. Qd2 Qxd2+ 40. Bxd2 Nd4 41. Bd1 c5 42. Be3 f5 43. e5 Bc6+ 44. Kf2 Be4 45. h4 Bc2 46. Bxc2 Nxc2 47. Bd2 Na1 48. Ke3 Nxb3 49. Be1 Nd4 50. Kd3 Ke6 51. Bf2 Nc6 52. Be3 g6 53. Bf2 Nb4+ 54.
Kc3 Nc6 55. Be3 Nd8 56. Kd3 Nc6 57. Kc3 h6 58. Kd3 Nb4+ 59. Kc3 Nc6 60. Kd3 Nb4+ 61.
Kc3 Nc6 1/2-1/2

[Event "*** Titled Tuesday Blitz"]
[Site "Chess.com"]
[Date "2019.04.02"]
[Round "2"]
[White "wannabe2700"]
[Black "m3alam"]
[Result "0-1"]
[WhiteElo "2602"]
[BlackElo "2420"]
[TimeControl "180+2"]
[EndTime "14:24:06 PDT"]
[Termination "m3alam won by resignation"]

1. e4 c6 2. d4 d5 3. e5 Bf5 4.
Nf3 e6 5. Be2 Ne7 6. O-O Ng6 7.
Nbd2 Nd7 8. Nb3 f6 9. exf6 Qxf6 10. c4 Bd6 11. cxd5 exd5 12. Bd3 O-O 13. Bg5 Qf7 14. Bxf5 Qxf5 15. Qb1 Qg4 16. h3 Qh5 17. Qd3 Rxf3 18.
Qxf3 Qxg5 19. Rae1 Rf8 20. Qg4 Qxg4 21. hxg4 Nf6 22. f3 Nf4 23. Rd1 Re8 24. Rfe1 Rxe1+ 25. Rxe1 Kf7 26. Rd1 g5 27. Kf2 h5 28. gxh5 N6xh5 29. Nc1 Ne6 30. Rh1 Kg6 31. Nb3 Bg3+ 32. Ke3 Bf4+ 33.
Kd3 Bc7 34. Ke3 Nhf4 35. Rg1 Nxd4 36. Nxd4 Bb6 37. Rh1 Ne6 38. Kd2 Bxd4 39. b4 b6 40. Rc1 c5 41. bxc5 bxc5 42. Rb1 Kf5 43. Rb7 c4 44. Rf7+ Ke5 45. Re7 Bc5 46. Re8 Kd6 47.
Kc3 a5 48. Ra8 Bb4+ 49. Kb2 d4 50. a3 Bc5 51. Rxa5 Kd5 52. Ra8 Nf4 53. Rg8 d3 54.
Rxg5+ Kd4 55. g3 c3+ 56. Kb3 c2 57. gxf4 c1=Q 58. Ka4 Qc2+ 59. Kb5 Qc4+ 60. Ka5 d2 61. Rg7 Qc3+ 62. Kb5 Qb3+ 63. Kc6 Qb6+ 64. Kd7 Qb7+ 65. Ke6 Qxg7 0-1

[Event "*** Titled Tuesday Blitz"]
[Site "Chess.com"]
[Date "2019.04.02"]
[Round "2"]
[White "Off-War"]
[Black "vugarrasulov"]
[Result "0-1"]
[WhiteElo "2616"]
[BlackElo "2869"]
[TimeControl "180+2"]
[EndTime "14:24:09 PDT"]
[Termination "vugarrasulov won on time"]

1. e4 c5 2. Nf3 d6 3. d4 cxd4 4.
Nxd4 Nf6 5. Nc3 a6 6. Nb3 g6 7. Be2 Bg7 8. g4 Nc6 9. Be3 Be6 10. g5 Nd7 11. f4 b5 12. Qd2 Nb6 13. Nd4 Rc8 14.
f5 Bc4 15. Nxc6 Rxc6 16. Bd4 Bxd4 17. Qxd4 O-O 18. Bxc4 Rxc4 19. Qd3 Qc7 20. O-O-O Rc8 21.
fxg6 hxg6 22. Kb1 Rxc3 23. Qxc3 Qxc3 24. bxc3 Na4 25. Rd4 Nxc3+ 26. Kb2 Rc6 27. h4 e5 28. Rb4 a5 29. Rb3 b4 30. a3 Na4+ 31. Kc1 Nc5 32. Re3 bxa3 33. Rxa3 a4 34. Rd1 Kg7 35. Re3 Nb3+ 36.
Kb2 Nd4 37. c3 Rb6+ 38. Ka2 Ne6 39. Red3 Rb3 40. Rxd6 Rxc3 41. R1d5 Nf4 42. Rxe5 Nd3 43. Rb5 a3 44. Rd7 Nc1+ 45. Ka1 Nb3+ 46. Ka2 Nc1+ 47.
Ka1 Rf3 48. e5 Nb3+ 49. Ka2 Nc1+ 50. Kb1 a2+ 51. Ka1 Ra3 52. e6 Nb3+ 53. Rxb3 Rxb3 54. Rxf7+ Kg8 55. Rf6 Kg7 0-1

[Event "*** Titled Tuesday Blitz"]
[Site "Chess.com"]
[Date "2019.04.02"]
[Round "2"]
[White "cukus"]
[Black "vovachesss"]
[Result "0-1"]
[WhiteElo "2383"]
[BlackElo "2524"]
[TimeControl "180+2"]
[EndTime "14:24:10 PDT"]
[Termination "vovachesss won by resignation"]

1. e4 e5 2. Nf3 d5 3. Nxe5 Bd6 4. d4 dxe4 5. Bc4 Bxe5 6. dxe5 Qxd1+ 7. Kxd1 Nc6 8. Bf4 Nge7 9. e6 Bxe6 10. Bxe6 fxe6 11. c3 O-O-O+ 12. Ke2 Rhf8 13. Bg3 Nd5 14. Nd2 Nf4+ 15. Bxf4 Rxf4 16. g3 Rxd2+ 17. Kxd2 Rxf2+ 18. Ke3 Rxb2 19. Kxe4 b6 20. Rhf1 Re2+ 21. Kf3 Rxh2 22. Rf2 Ne5+ 23. Ke2 Rh3 24. Rg1 Kd7 25. Rf4 Rh2+ 26. Rf2 Rh6 27.
Rf4 Ke7 28. Rh4 Rxh4 29. gxh4 Ng6 30. Rg4 Kf6 31. Ke3 h5 32. Ra4 a5 33. c4 Nxh4 34. c5 Nf5+ 35. Kf2 g5 36. cxb6 cxb6 37. Rc4 g4 38. a4 g3+ 39. Kf3 h4 40. Rc8 h3 41. Rh8 h2 42. Kg2 Ke5 43. Rd8 Kf4 44.
Rf8 e5 45. Rf6 e4 46. Rxb6 e3 47. Re6 Nh4+ 48. Kh1 Kf3 49. Rf6+ Kg4 50. Rf4+ Kh3 51. Rg4 Nf5 52. Rg8 e2 53. Rh8+ Nh4 54. Rxh4+ Kxh4 55. Kg2 h1=Q+ 0-1

[Event "*** Titled Tuesday Blitz"]
[Site "Chess.com"]
[Date "2019.04.02"]
[Round "2"]
[White "talento10"]
[Black "JSMastropiero"]
[Result "1-0"]
[WhiteElo "2185"]
[BlackElo "2241"]
[TimeControl "180+2"]
[EndTime "14:24:14 PDT"]
[Termination "talento10 won by resignation"]

1. e4 e6 2. d4 d5 3. Nd2 Nf6 4. e5 Nfd7 5. c3 c5 6. Ngf3 Nc6 7. Bd3 g6 8. h4 h6 9. O-O Bg7 10. Qe2 b6 11. Rd1 cxd4 12. cxd4 Nb4 13. Bb5 a6 14.
Ba4 a5 15. Bb5 Ba6 16. a3 Bxb5 17. Qxb5 Na6 18. Nf1 O-O 19. Be3 Nc7 20. Qc6 Nb8 21. Qxb6 Ra6 22. Qb3 Nd7 23. Rac1 a4 24. Qc2 Nb5 25.
Ng3 Nb6 26. Nd2 Qxh4 27. Qc5 Na7 28. Ngf1 Nac8 29. Qb5 Ra8 30. Nf3 Qe7 31. Rc2 g5 32.
Rdc1 g4 33. N3d2 Qh4 34. Ng3 f6 35. exf6 Bxf6 36. Rc7 Bd8 37. Rb7 Qf6 38. Qe2 Nd6 39.
Qxg4+ Kh8 40. Nh5 Nxb7 41. Nxf6 Rxf6 42. Rc6 Nc4 43. Nxc4 dxc4 44. Rxe6 Nd6 45. Rxf6 Bxf6 46. Qe6 Ne8 47. Qxc4 Rb8 48. Qxa4 Ng7 49. b4 Nf5 50. Qc6 Bg7 51. g3 Rd8 52. d5 Nd6 53. b5 Ne4 54. b6 Be5 55. b7 Nf6 56. Ba7 1-0

[Event "*** Titled Tuesday Blitz"]
[Site "Chess.com"]
[Date "2019.04.02"]
[Round "2"]
[White "Gabrielian_Artur"]
[Black "Cruel_Yaro"]
[Result "0-1"]
[WhiteElo "2749"]
[BlackElo "2664"]
[TimeControl "180+2"]
[EndTime "14:24:16 PDT"]
[Termination "Cruel_Yaro won by resignation"]

1. e4 e5 2. Nf3 Nf6 3. Nxe5 d6 4. Nf3 Nxe4 5. Qe2 Qe7 6. d3 Nf6 7. Nc3 Qxe2+ 8. Bxe2 Be7 9. Bd2 c6 10. O-O-O Na6 11.
Rde1 Nc7 12. Bd1 h6 13. h3 Ne6 14. g4 Bd7 15. Nh4 O-O-O 16. Nf5 Bf8 17. f4 d5 18.
Rhf1 g6 19. Ng3 Nc5 20. Nce2 h5 21. Bc3 Bg7 22. g5 Ne8 23. h4 Bxc3 24. Nxc3 Nd6 25. Re5 Rde8 26. Nce2 Bh3 27. Rh1 Bg4 28. Nd4 Bxd1 29. Kxd1 Nd7 30. Ree1 Rxe1+ 31. Rxe1 Re8 32. Rxe8+ Nxe8 33. Ke2 Nd6 34. Nf3 Kd8 35. Ke3 Ke7 36. f5 c5 37. c3 Nxf5+ 38. Nxf5+ gxf5 39. Kf4 Ke6 40. d4 c4 41. Nd2 Nf8 42. b3 Ng6+ 43.
Kg3 f4+ 44. Kh3 b5 45. bxc4 bxc4 46. Nf3 Kf5 47. Nd2 Nf8 48. Kg2 Kg4 49. Nf3 Ng6 50. Kf2 a6 51. a4 a5 52. Ke2 Kf5 53. Kf2 f6 54. gxf6 Kxf6 55. Kg2 Kf5 56. Kf2 Kg4 57.
Ng5 Nxh4 58. Nf7 Ng6 59. Nh6+ Kg5 60. Nf7+ Kf6 61. Nd8 Ne7 62. Nb7 Nc6 63. Kf3 Kg5 64. Nd6 h4 65. Nf7+ Kf6 66. Nh6 Kg5 67. Nf7+ Kg6 68. Nd6 h3 69. Kf2 Nxd4 70. cxd4 c3 0-1

[Event "*** Titled Tuesday Blitz"]
[Site "Chess.com"]
[Date "2019.04.02"]
[Round "2"]
[White "Quiet_Desperation"]
[Black "DrMelekess"]
[Result "1/2-1/2"]
[WhiteElo "2407"]
[BlackElo "2707"]
[TimeControl "180+2"]
[EndTime "14:24:18 PDT"]
[Termination "Game drawn - insufficient material"]

1. e4 Nc6 2. Nf3 d5 3. exd5 Qxd5 4. Nc3 Qa5 5. Bc4 Bg4 6. h3 Bh5 7. O-O O-O-O 8. Be2 e5 9. d3 f5 10.
Nxe5 Bxe2 11. Nxc6 Bxd1 12. Nxa5 Bxc2 13. Re1 Bb4 14. Nc4 Nf6 15. Bf4 Bxd3 16. Ne5 Rhe8 17. Nxd3 Rxd3 18. Rxe8+ Nxe8 19. Nb5 a6 20. a3 Bd2 21. Rd1 axb5 22. Rxd2 Rxd2 23. Bxd2 Nd6 24. Bc3 g6 25. f3 Kd7 26. Kf2 Ke6 27. Kg3 c5 28.
Kf4 h6 29. Bg7 Nf7 30. Bf8 c4 31. Ke3 Ke5 32. Bg7+ Kd5 33. g4 fxg4 34. hxg4 h5 35. gxh5 gxh5 36. Bf6 Nd6 37. Kf4 Ke6 38. Bc3 Nf5 39. Be1 Nd4 40. Bc3 Ne2+ 41. Kg5 h4 42.
Kxh4 Kf5 43. Kh3 Kf4 44. Kg2 Ke3 45. Be5 Kd3 46. Kh3 Nc1 47. Kg4 Nb3 48. Kf5 Ke3 49.
f4 Nc5 50. Bc7 Nd3 51. Be5 Kf3 52. Ke6 Ke4 53. Kd6 b6 54. Kc6 b4 55. axb4 Nxb4+ 56. Kxb6 Nd3 57. Kb5 Nxb2 58. Bxb2 Kxf4 59. Kxc4 1/2-1/2

[Event "*** Titled Tuesday Blitz"]
[Site "Chess.com"]
[Date "2019.04.02"]
[Round "2"]
[White "StephenDedalus83"]
[Black "MikaelyanArman"]
[Result "1/2-1/2"]
[WhiteElo "2660"]
[BlackElo "2750"]
[TimeControl "180+2"]
[EndTime "14:24:20 PDT"]
[Termination "Game drawn - insufficient material"]

1. e4 g6 2. d4 Bg7 3. Nc3 a6 4.
h4 h6 5. f4 b5 6. h5 e6 7. hxg6 fxg6 8. Bd3 Ne7 9. Nf3 Bb7 10.
Be3 d6 11. Qd2 Nd7 12. O-O-O Nb6 13. f5 gxf5 14. Bxh6 Bxh6 15. Rxh6 Kd7 16. exf5 exf5 17.
Re1 Bxf3 18. gxf3 b4 19. Nd1 Nbd5 20. Qg5 Rxh6 21. Qxh6 Qg8 22. Ne3 Nxe3 23. Qxe3 Qf7 24. b3 Qf6 25. Bc4 d5 26. Bd3 Rg8 27. Qe5 Qxe5 28.
Rxe5 Rg1+ 29. Kb2 c6 30. Bxf5+ Nxf5 31. Rxf5 Rd1 32. Rf4 a5 33. a3 Kd6 34. axb4 axb4 35. Rg4 Rf1 36. Rf4 Rd1 37. c4 Rd2+ 38. Kc1 Rd3 39. c5+ Ke6 40. Kc2 Rc3+ 41. Kb2 Rd3 42. Ka2 Rd2+ 43. Kb1 Rd3 44. Kb2 Ke7 45. Rh4 Rxf3 46.
Rh7+ Rf7 47. Rh6 Rf6 48. Rh8 Ke6 49. Rb8 Kf5 50. Rxb4 Ke4 51. Ka3 Kd3 52. Ka4 Kc3 53. Ka5 Rf8 54. Rb7 Kxd4 55. Kb6 Rc8 56. Rh7 Kc3 57.
Rh3+ Kb4 58. Kb7 Rg8 59. Kxc6 Rc8+ 60. Kxd5 Rxc5+ 61. Kd4 Rc1 62. Rd3 Rc8 63. Kd5 Rd8+ 64. Ke4 Rxd3 65. Kxd3 Kxb3 1/2-1/2

[Event "*** Titled Tuesday Blitz"]
[Site "Chess.com"]
[Date "2019.04.02"]
[Round "2"]
[White "ChessicallyInclined"]
[Black "TregubovP"]
[Result "0-1"]
[WhiteElo "2534"]
[BlackElo "2489"]
[TimeControl "180+2"]
[EndTime "14:24:20 PDT"]
[Termination "TregubovP won by resignation"]

1. d4 Nf6 2. c4 e6 3. Nc3 Bb4 4.
e3 O-O 5. Ne2 d5 6. a3 Be7 7.
cxd5 exd5 8. Nf4 c6 9. Bd3 Na6 10. O-O Nc7 11. f3 c5 12. dxc5 Bxc5 13. b4 Bd6 14.
Nce2 Re8 15. Qd2 Be5 16. Nd4 Ne6 17. Bb2 Nxd4 18. Bxd4 Bxd4 19. exd4 Qb6 20. Kh1 Bd7 21. g4 h6 22. Rg1 g5 23. Ne2 Bb5 24. Ng3 Kh8 25.
Nf5 Bxd3 26. Qxd3 Ng8 27. Rae1 Re6 28. Re2 Rae8 29. Rge1 Rxe2 30. Rxe2 Rxe2 31. Qxe2 Qe6 32. Qxe6 fxe6 33. Nd6 Ne7 34. b5 b6 35. Ne8 Kg8 36. Kg2 Kf7 37. Nc7 Nc8 38. Kg3 Nd6 39.
a4 Nc4 40. Na6 Nb2 41. Nb4 Nxa4 42. Nc6 Nc3 43. Nxa7 Ne2+ 44. Kf2 Nxd4 45. Ke3 e5 46. Nc8 Nxb5 47. Nxb6 Ke6 48. Na4 Kd6 49. Nb2 Kc5 50.
Nd3+ Kd6 51. Nf2 Nd4 52. Nh1 Ke6 53. Ng3 Kf6 54. Nh5+ Kg6 55. Ng3 Ne6 56. Nf5 Nf4 57. h4 gxh4 58. Nxh4+ Kg5 59. Nf5 h5 60. Ne7 h4 61.
Kf2 d4 62. Nc6 d3 63. Ke3 h3 64. Nxe5 h2 65. Nxd3 Nxd3 66. f4+ Nxf4 0-1

[Event "*** Titled Tuesday Blitz"]
[Site "Chess.com"]
[Date "2019.04.02"]
[Round "2"]
[White "Vegan4future"]
[Black "Robin-Side"]
[Result "1/2-1/2"]
[WhiteElo "2509"]
[BlackElo "2527"]
[TimeControl "180+2"]
[EndTime "14:24:20 PDT"]
[Termination "Game drawn by agreement"]

1. Nc3 g6 2. d4 Bg7 3. e4 e6 4. h4 h5 5. Nf3 d5 6. Bg5 Ne7 7. Bd3 Nbc6 8. e5 Nb4 9. Ne2 Nxd3+ 10.
Qxd3 Bd7 11. Ng3 c5 12. c3 Qb6 13. Qd2 Bb5 14. a4 Bc4 15. dxc5 Qxc5 16. b4 Qc7 17. Qe3 Nc6 18. Bf6 Bxf6 19. exf6 a6 20. Ne2 O-O-O 21. O-O Kb8 22. b5 Na5 23. bxa6 Bxa6 24.
Rfb1 Nc4 25. Qd4 e5 26. Qd1 Qc6 27. Rb4 Qxf6 28. Rab1 Rd7 29. Nc1 Rc8 30. Nb3 Qd6 31. Nbd2 f6 32. Nxc4 Rxc4 33. Rb6 Rc6 34. R6b3 Rdc7 35.
Qd2 Qc5 36. Qh6 Bd3 37. R1b2 Ka7 38. Qh8 Qa5 39. Qd8 Rxc3 40. Kh2 Rxb3 41. Rxb3 Qc5 42.
Rxd3 e4 43. Rxd5 Qc3 44. Ng1 f5 45. Qg5 Rc6 46. Rd8 Qe5+ 47. Qg3 Qe7 48. Rg8 Qf7 49. Rd8 Kb6 50. a5+ Ka6 51. Ra8+ Kb5 52. Qe3 f4 53. Qe2+ Qc4 54. Qxc4+ Rxc4 55. Ne2 f3 56. gxf3 exf3 57. Ng1 Rxh4+ 58. Nh3 g5 59. Kg3 Ra4 60. Nxg5 Rg4+ 61. Kxf3 Rxg5 62. Ra7 Kc6 63. a6 bxa6 64. Rxa6+ Kd7 65.
Rh6 Ke7 66. Kf4 Ra5 67. f3 Kf7 68. Rb6 Kg7 69. Kg3 Ra4 70. f4 h4+ 71. Kg4 h3 72. Rb3 h2 73. Rh3 Ra2 74. Kg5 Rg2+ 75. Kf5 Rf2 76. Rh4 Rg2 77. Rh3 Rf2 78. Kg4 Kf6 79.
Kg3 Ra2 80. Rxh2 Rxh2 81. Kxh2 Kf5 82. Kg3 Kf6 83. Kg4 Kg6 1/2-1/2

[Event "*** Titled Tuesday Blitz"]
[Site "Chess.com"]
[Date "2019.04.02"]
[Round "2"]
[White "DagurR"]
[Black "djogrodek1"]
[Result "1-0"]
[WhiteElo "2545"]
[BlackElo "2498"]
[TimeControl "180+2"]
[EndTime "14:24:21 PDT"]
[Termination "DagurR won on time"]

1. d4 d5 2. c4 c6 3. Nf3 Nf6 4. Nc3 e6 5. Bg5 dxc4 6. e4 b5 7. Be2 Qb6 8. O-O Bb7 9. d5 cxd5 10.
exd5 Nxd5 11. Nd4 a6 12. Bf3 Nxc3 13. bxc3 Nd7 14. Re1 Nc5 15. a4 bxa4 16. Rb1 Nb3 17. Bxb7 Qxb7 18. Nxe6 fxe6 19. Rxe6+ Kf7 20. Qg4 Bc5 21.
Rbe1 Rhe8 22. Qh5+ Kg8 23. Rxe8+ Rxe8 24. Rxe8+ Bf8 25.
Qg4 Qf7 26. Rc8 a3 27. Be7 Qxe7 28. Qxc4+ Qf7 29. Qxa6 Nd2 30. Qxa3 Ne4 31. Qb2 Qd7 32.
Qb3+ Qf7 33. Qxf7+ Kxf7 34. f3 Nd6 35. Rc7+ Be7 36.
c4 Ke6 37. Kf1 Nf5 38. Ke2 Bd6 39. Rc8 Bxh2 40. g4 Ne7 41. Ra8 Bd6 42. Kd3 Nc6 43. Ke4 h6 44. Re8+ Kf7 45. Ra8 Ke6 46. f4 Ne7 47. Ra6 Kd7 48. Ra7+ Kc6 49. f5 Bc5 50.
Ra6+ Kd7 51. Ra5 Bb4 52. Rb5 Bd2 53. Rb7+ Kd8 54. Ke5 Bg5 55. Ke6 Bf6 56. c5 1-0

[Event "*** Titled Tuesday Blitz"]
[Site "Chess.com"]
[Date "2019.04.02"]
[Round "2"]
[White "francyIM"]
[Black "JoachimMouhamad"]
[Result "1/2-1/2"]
[WhiteElo "2585"]
[BlackElo "2344"]
[TimeControl "180+2"]
[EndTime "14:24:21 PDT"]
[Termination "Game drawn by agreement"]

1. d4 Nf6 2. c4 g6 3. Nc3 Bg7 4. g3 O-O 5. Bg2 d6 6. Nf3 Nc6 7. O-O a6 8. d5 Na5 9. b3 Rb8 10.
Bb2 b5 11. cxb5 axb5 12. Nd4 Bd7 13. Rc1 e5 14. Nc6 Nxc6 15. dxc6 Be6 16. e4 Qc8 17.
Qd3 Qa6 18. a4 Bxb3 19. axb5 Qb6 20. Ra1 Ra8 21. Rxa8 Rxa8 22. Bc1 Ng4 23. h3 Nxf2 24. Rxf2 Ra1 25. Qd2 Qd4 26. Kh2 Rxc1 27. Qxd4 exd4 28. Nd5 Bxd5 29. exd5 f5 30. Bf1 Be5 31. Kg2 Kf7 32.
Rf3 Ke7 33. Ra3 Rc3 34. Rxc3 dxc3 35. Bd3 Kd8 36. g4 fxg4 37. hxg4 Kc8 38. Kf3 Kb8 39. b6 cxb6 40. Ke2 Bf4 41. Kd1 Kc7 42. Kc2 Be5 43. Be4 h5 44. g5 h4 45. Bxg6 Bf4 46.
Bf5 Bxg5 47. Kxc3 Bd8 48. Bh3 Kb8 49. Bf1 Ka7 50. Kd4 Kb8 51. Ke4 Kc7 52. Kf5 Be7 53. Kg6 Bd8 54. Kg7 Bg5 55. Kf7 Be3 56. Kf6 Bf2 57.
Kf5 Bg3 58. Bg2 Kd8 59. Bh3 b5 60. Ke4 b4 61. Kd3 Kc7 62. Kd2 Kb6 63. Kd3 Be5 64. Kc4 Bc3 65. Bf1 Be1 66. Bg2 Bd2 67. Bh3 Be1 68.
Bf5 Kc7 69. Kb5 b3 70. Kc4 b2 71. Kb3 h3 72. Kxb2 h2 73. Be4 Bg3 74. Bh1 Be5+ 75. Kc2 Bf4 76. Kd3 Be5 77. Ke4 Bg7 78. Kf4 Be5+ 79. Kg4 Bg7 80. Kg3 Be5+ 81. Kg2 Bf4 82. Kh3 Be5 83. Kg4 Kd8 84. Kf5 Kc7 85. Kg6 Bg3 86. Kf7 Be5 87. Ke8 Bg3 88. Bg2 Be5 89. Kf7 Bg3 90. Ke6 Be5 91. Kf5 Bg3 92. Ke4 Be5 93.
Kf3 Kd8 94. Ke2 Kc7 95. Kd3 Kd8 96. Kc4 Kc7 97. Kb5 Bf4 98. Bh1 Be5 99. Ka6 Bf4 1/2-1/2

[Event "*** Titled Tuesday Blitz"]
[Site "Chess.com"]
[Date "2019.04.02"]
[Round "2"]
[White "KhalilMousavi77"]
[Black "Blitzstream"]
[Result "1-0"]
[WhiteElo "2731"]
[BlackElo "2673"]
[TimeControl "180+2"]
[EndTime "14:24:22 PDT"]
[Termination "KhalilMousavi77 won by resignation"]

1. c4 c6 2. d4 d5 3. Nf3 Nf6 4. e3 Bf5 5. Nbd2 e6 6. Be2 Bd6 7. b3 Nbd7 8. Bb2 O-O 9. O-O Qe7 10.
Ne5 Ne4 11. Nxe4 Bxe4 12. a4 f6 13. Nxd7 Qxd7 14. f3 Bg6 15. Bd3 Qc7 16. f4 Bxd3 17.
Qxd3 f5 18. Rac1 Qe7 19. c5 Bc7 20. b4 a6 21. Ra1 g5 22. g3 h5 23. b5 h4 24. b6 Bd8 25. gxh4 g4 26. Bc3 Qxh4 27.
Be1 Qh3 28. Bg3 Kf7 29. Qe2 Bf6 30. Qg2 Rh8 31. Ra2 Rh5 32. Qxh3 Rxh3 33. Rg2 Rah8 34.
Re1 Bh4 35. Kf2 Kg6 36. Ke2 Rh7 37. Rb1 Bxg3 38. hxg3 Rh1 39. Rxh1 Rxh1 40. Kd3 Ra1 41. Rh2 Kg7 42. Rh5 Rg1 43. Rg5+ Kf7 44. Rh5 Kg7 45.
Rg5+ Kf6 46. Rg8 Rxg3 47. Rb8 Rg1 48. Rxb7 Rb1 49. Rb8 Kf7 50. Rh8 g3 51. Rh7+ Kg6 52. Rh3 Kf6 53. Rxg3 Rb3+ 54. Ke2 a5 55. Rg8 Ke7 56. Rc8 Kf6 57. Rxc6 Rb4 58. Rc8 Rxa4 59. b7 Rb4 60. b8=Q 1-0

[Event "*** Titled Tuesday Blitz"]
[Site "Chess.com"]
[Date "2019.04.02"]
[Round "2"]
[White "nutibara"]
[Black "dmosesov"]
[Result "0-1"]
[WhiteElo "2401"]
[BlackElo "2506"]
[TimeControl "180+2"]
[EndTime "14:24:22 PDT"]
[Termination "dmosesov won by resignation"]

1. e4 c5 2. Nf3 d6 3. d4 cxd4 4. Nxd4 Nf6 5. Nc3 a6 6. Bc4 Nbd7 7. O-O Qc7 8. Bb3 Nc5 9. Re1 e6 10. Bg5 Be7 11. Qf3 h6 12. Bh4 b5 13. Rad1 Bb7 14. Bxf6 gxf6 15. Qh5 Qd7 16. f4 b4 17. Na4 Nxb3 18. cxb3 Bd8 19. f5 e5 20. Ne6 Rc8 21.
Kh1 Ke7 22. Nec5 Qb5 23. Nxb7 Qxb7 24. Rd2 Bc7 25. Qe2 Bb8 26. Red1 Rhg8 27. h3 Rg3 28. Kh2 Rcg8 29. Qf1 Qxe4 30. Nb6 Qh4 31. Nd5+ Kf8 32. Rf2 Ba7 33. Re2 R8g5 34. a3 Rh5 35. Nxb4 Rxb3 36. Nc6 Qg3+ 37. Kh1 Bc5 38. Na5 Re3 39. b4 Rxe2 40. Qxe2 Rxh3+ 41. gxh3 Qxh3+ 42. Qh2 Qf3+ 43. Qg2 Qxd1+ 44. Kh2 Qh5+ 45. Qh3 Bg1+ 46. Kg2 Qg5+ 47. Kf1 Qc1+ 48. Kg2 Bb6 49. Qf3 Qd2+ 50. Kh3 d5 51. Nb7 e4 52. Qg3 Qe3 53. a4 Qxg3+ 54. Kxg3 d4 55. Nd6 Bc7 56. Kf4 Bxd6+ 57. Kxe4 Bxb4 58. Kxd4 a5 0-1

[Event "*** Titled Tuesday Blitz"]
[Site "Chess.com"]
[Date "2019.04.02"]
[Round "2"]
[White "OparinGrigoriy"]
[Black "Chessialist"]
[Result "1-0"]
[WhiteElo "2979"]
[BlackElo "2504"]
[TimeControl "180+2"]
[EndTime "14:24:23 PDT"]
[Termination "OparinGrigoriy won by resignation"]

1. g3 Nf6 2. Bg2 d5 3. Nf3 c6 4. O-O Bf5 5. d3 e6 6. c4 Nbd7 7. cxd5 cxd5 8. Nc3 Be7 9. Qb3 Qb6 10. Qxb6 Nxb6 11. Nh4 Bg6 12. Bd2 O-O 13. Nxg6 hxg6 14. Rfc1 Rac8 15. h4 a6 16. Kf1 Rfd8 17. e3 Kf8 18. Ke2 Ke8 19. Be1 Kd7 20. f4 Rc7 21.
Bf3 Rdc8 22. g4 Bb4 23. Kd1 Ne8 24. a3 Bxc3 25. Bxc3 Na4 26. Bd4 Rxc1+ 27. Rxc1 Rxc1+ 28. Kxc1 Kc6 29. g5 Nc5 30. Kc2 Kd6 31. e4 b6 32.
b4 Nd7 33. exd5 exd5 34. f5 b5 35. fxg6 fxg6 36. h5 gxh5 37. Bxh5 Nc7 38. Bxg7 Ne6 39. Bh6 Nf4 40. Bg4 Ne5 41. Bf5 Neg6 42. Bg7 Ne7 43. Bf8 Ke5 44. Bd7 Nfg6 45. Bg7+ Kd6 46. Bg4 Nc6 47. d4 a5 48. bxa5 Nxa5 49. Bf5 Nh4 50.
Bf8+ Kc6 51. Bh7 Nc4 52. g6 Nf5 53. Kc3 Kb6 54. Kb4 Nce3 55. g7 Nxg7 56. Bxg7 1-0

[Event "*** Titled Tuesday Blitz"]
[Site "Chess.com"]
[Date "2019.04.02"]
[Round "2"]
[White "Fighter008"]
[Black "Medvegy"]
[Result "1/2-1/2"]
[WhiteElo "2454"]
[BlackElo "2535"]
[TimeControl "180+2"]
[EndTime "14:24:37 PDT"]
[Termination "Game drawn by repetition"]

1. e4 c6 2. d4 d5 3. e5 Bf5 4.
Be3 e6 5. Nd2 Nd7 6. c3 Bg6 7. f4 h5 8. Ngf3 Nh6 9. Nb3 a5 10.
Bd3 Bxd3 11. Qxd3 Be7 12. O-O Qb6 13. Rab1 Qa6 14. Qc2 b6 15. Nc1 Nf5 16. Bf2 f6 17.
Nd3 c5 18. exf6 gxf6 19. Rbe1 Kf7 20. Qe2 Nf8 21. Nh4 c4 22. Nc1 Qb7 23. Qf3 Qd7 24.
Re2 Nxh4 25. Bxh4 f5 26. Bxe7 Qxe7 27. Rfe1 Qf6 28. Re5 Rh6 29. Ne2 Rd8 30. b3 b5 31.
bxc4 bxc4 32. Ng3 h4 33. Nf1 Qg7 34. Nd2 Qg4 35. h3 Qxf3 36. Nxf3 Rb8 37. Ng5+ Kg7 38.
Nxe6+ Nxe6 39. Rxe6 Rxe6 40. Rxe6 Rb2 41. Re5 Rxa2 42.
Rxd5 Kf6 43. Rc5 Ke6 44. Rxc4 Kd5 45. Rc5+ Ke4 46. Re5+ Kxf4 47. c4 Rc2 48. c5 a4 49.
c6 a3 50. Ra5 a2 51. Kh2 Ke4 52. d5 f4 53. Ra4+ Ke5 54. c7 Kxd5 55. Rxa2 Rxc7 56. Ra4 Ke5 57. Ra5+ Ke4 58. Ra4+ Ke3 59. Ra3+ Kd4 60.
Ra4+ Ke3 61. Ra3+ Ke4 62. Ra4+ Ke3 63. Ra3+ Ke4 64. Ra4+ 1/2-1/2

[Event "*** Titled Tuesday Blitz"]
[Site "Chess.com"]
[Date "2019.04.02"]
[Round "2"]
[White "grzechu96"]
[Black "AdrianaNikolova"]
[Result "1-0"]
[WhiteElo "2557"]
[BlackElo "2464"]
[TimeControl "180+2"]
[EndTime "14:24:41 PDT"]
[Termination "grzechu96 won by resignation"]

1. e4 c5 2. Nf3 Nc6 3. Bb5 d6 4. Bxc6+ bxc6 5. e5 dxe5 6. Nxe5 Qd5 7. Nf3 Qe4+ 8. Kf1 Nf6 9. d3 Qd5 10. Nbd2 Bg4 11. b3 e6 12. Bb2 Be7 13. Qe1 O-O 14. h3 Bh5 15. Qe3 Nd7 16. Kg1 Bf6 17. Bxf6 Nxf6 18. Kh2 Nd7 19. Rhe1 a5 20. a4 Bg6 21.
Ne5 Rfe8 22. Nxd7 Qxd7 23. Qxc5 Qd5 24. Re5 Qd7 25. Nc4 Qc7 26. Qd6 Qxd6 27. Nxd6 Red8 28. Nc4 Rd5 29. Rae1 Ra6 30. f3 h6 31. Kg3 Kf8 32.
Kf2 c5 33. g4 Bh7 34. f4 Bg8 35. Ne3 Rxe5 36. fxe5 f6 37. Nc4 Ke7 38. Kg3 Bf7 39.
Nd2 Be8 40. Re4 f5 41. Rc4 Rc6 42. Rf4 g5 43. Rf2 f4+ 44. Kf3 Bg6 45. Nc4 Rc8 46. Nxa5 Be8 47. Ke2 Rd8 48. Kd2 Rd5 49. Nc4 Bc6 50.
h4 Rd8 51. hxg5 hxg5 52. Rh2 Kf7 53. Ke2 Kg6 54. Kf2 Rf8 55. Rh3 Ra8 56. Rh5 Rd8 57. Nd2 Rf8 58. Nf3 Bxf3 59. Kxf3 Rd8 60. Rh1 Rd5 61. Re1 Rd8 62. a5 Rh8 63. a6 Rh3+ 64. Kg2 Rh7 65. Ra1 Ra7 66. c3 Kf7 67. b4 cxb4 68.
cxb4 Ke7 69. b5 Kd7 70. b6 Ra8 71. b7 1-0